 Dungeon Crawl Stone Soup version 0.30.0-16-gbe6223bb7e (webtiles) character file.

Game seed: 4559546006432964173

104 Persephone the Poker (level 4, -1/39 HPs)
             Began as a Minotaur Fighter on May 19, 2023.
             Slain by a gnoll
             ... wielding a +0 halberd
              (9 damage)
             ... on level 3 of the Dungeon on May 20, 2023.
             The game lasted 00:07:08 (2039 turns).

Persephone the Poker (Minotaur Fighter)             Turns: 2039, Time: 00:07:08

Health: -1/39      AC:  6    Str: 23    XL:     4   Next: 52%
Magic:  3/3        EV:  9    Int:  5    God:
Gold:   105        SH:  4    Dex:  9    Spells: 3/3 levels left

rFire   . . .        a - +0 trident
rCold   . . .        c - +0 buckler
rNeg    . . .        b - +0 scale mail
rPois   .            (helmet restricted)
rElec   .            (no cloak)
rCorr   .            (no gloves)
SInv    .            (no boots)
Will    .....        (no amulet) Stlth
                     (no ring)
HPRegen 0.26/turn    (no ring)
MPRegen 0.08/turn

%: no passive effects
@: mighty
A: horns 2, retaliatory headbutt
a: no special abilities


You were on level 3 of the Dungeon.
You visited 1 branch of the dungeon, and saw 3 of its levels.

You collected 105 gold pieces.

Inventory:

Hand Weapons
 a - a +0 trident (weapon)
Missiles
 l - 2 poisoned darts (quivered)
Armour
 b - a +0 scale mail (worn)
 c - a +0 buckler (worn)
Jewellery
 m - a ring of fire
Scrolls
 e - 4 scrolls of identify {unknown}
 f - a scroll of amnesia {unknown}
 g - a scroll of immolation {unknown}
 h - a scroll of teleportation {unknown}
 i - a scroll of acquirement {unknown}
 j - a scroll of enchant weapon {unknown}
 k - a scroll of enchant armour {unknown}
 n - a scroll of butterflies {unknown}
 o - a scroll of silence {unknown}
 s - a scroll of vulnerability {unknown}
 t - a scroll of blinking {unknown}
Potions
 p - a potion of mutation {unknown}
 q - a potion of curing {unknown}
 r - a potion of brilliance {unknown}


   Skills:
 - Level 3.6 Fighting
 + Level 5.8 Polearms
 - Level 3.6 Armour
 - Level 3.6 Shields


You had 3 spell levels left.
You didn't know any spells.
Your spell library contained the following spells:

 Spells                   Type           Power      Damage    Failure   Level
 Freeze                   Ice            0%         1d3       85%         1
 Sublimation of Blood     Necr           0%         N/A       94%         2
 Wereblood                Tmut           0%         N/A       94%         2
 Call Canine Familiar     Summ           0%         N/A       99%         3
 Frozen Ramparts          Ice            0%         1d1       99%         3
 Hailstorm                Conj/Ice       0%         3d3       99%         3
 Portal Projectile        Hex/Tloc       0%         N/A       99%         3
 Leda's Liquefaction      Hex/Erth       0%         N/A       100%        4
 Summon Hydra             Summ           0%         N/A       100%        7


Dungeon Overview and Level Annotations

Branches:
Dungeon (3/15)

Altars:


Innate Abilities, Weirdness & Mutations

You have a pair of horns on your head.
You reflexively headbutt those who attack you in melee.


Message History

Okay, then.
There is a stone staircase leading up here.
The gnoll hits you but does no damage. x2
You climb upwards.
There is a stone staircase leading down here.
You puncture the gnoll!
The gnoll is severely wounded.
The gnoll hits you with a +0 club.
* * * LOW HITPOINT WARNING * * *
You puncture the gnoll!
You kill the gnoll!
HP restored.
You now have 105 gold pieces (gained 13).
Things that are here:
a +0 club; a gnoll corpse Partly explored, can't reach some places.
Things that are here:
a +0 club; a gnoll corpse
There is a stone staircase leading down here.
You climb downwards.
The sky beast misses you. You furiously retaliate!
You headbutt the sky beast.
There is a stone staircase leading up here.
You hit the sky beast but do no damage. Your headbutt misses the sky beast.
The sky beast is lightly wounded.
The gnoll closely misses you. The sky beast hits you. The sky beast shocks you.
The gnoll barely misses you.
The sky beast flickers out of sight!
Deactivating autopickup; reactivate with Ctrl-A.
Something hits you. Something shocks you.
You hit something. The gnoll barely misses you. Something hits you.
Something shocks you.
You puncture something! The gnoll barely misses you. Something hits you.
Something shocks you.
* * * LOW HITPOINT WARNING * * *
You feel very mighty all of a sudden. The gnoll barely misses you.
Something hits you but does no damage.
You barely miss something. The gnoll barely misses you.
You block something's attack.
You miss something.
The gnoll hits you from afar with a +0 halberd!
You die...

.g.. g#.## .... ##
##.[### #.. .....
#.#####.#######.#
####.#....[.......$#
.......###.....#####
.......# #####g.@##
.......# ###{.#
.......# #..#
.......#########..#
.................##
####†#.#####......#
........####......#
...........+......#
........####......#


You could see a gnoll.

Vanquished Creatures
  3 adders
  A gnoll (D:2)
  3 dart slugs
  5 ball pythons
  3 bats
  9 endoplasms
  2 giant cockroaches
  4 goblins
  7 hobgoblins
  3 jackals (D:1)
  A quokka (D:2)
  2 frilled lizards (D:2)
  5 kobolds
  7 rats
55 creatures vanquished.

Notes
Turn   | Place    | Note
-------+----------+-------------------------------------------
     0 | D:1      | Persephone the Minotaur Fighter began the quest for the
                  | Orb.
     0 | D:1      | Reached XP level 1. HP: 19/19 MP: 0/0
   104 | D:1      | Reached skill level 3 in Polearms
   126 | D:1      | Reached XP level 2. HP: 26/26 MP: 1/1
   399 | D:1      | Reached skill level 4 in Polearms
   876 | D:2      | Reached XP level 3. HP: 31/31 MP: 2/2
  1119 | D:2      | Reached skill level 5 in Polearms
  1136 | D:2      | Upgraded the game from 0.30.0-15-g856e2d3f33 to
                  | 0.30.0-16-gbe6223bb7e
  1188 | D:2      | Reached XP level 4. HP: 39/39 MP: 3/3
  1778 | D:3      | Found a faded altar of an unknown god.
  1870 | D:3      | Noticed a sky beast
  2039 | D:3      | Slain by a gnoll

Illustrated notes

Levels and vault maps discovered:
D:1:      giann_wishing_wells, layout_loops_ring, chequers_avenue,
          hangedman_decor_clover_reticule
D:2:      layout_basic, st_stairs_4, grunt_ministairs_1, minmay_goblin_outpost
D:3:      layout_basic, kennysheep_okawaru_gauntlet,
          shapermc_ecumenical_altar_acropolis, fountainhead, fountainhead,
          uniq_natasha, uniq_crazy_yiuf_cottage

Skill      XL: |  1  2  3 |
---------------+----------+-----
Polearms       | 3 4 5 |  5.8
Fighting       | |  3.6
Armour         | |  3.6
Shields        | |  3.6

Action                     |  1- 3 |  4- 6 || total
---------------------------+-------+-------++-------
  Melee: Trident           |    70 |    45 ||   115
         Headbutt          |     6 |     3 ||     9
  Throw: Dart              |     1 |       ||     1
    Use: Potion            |       |     1 ||     1
 Armour: Scale mail        |    30 |    14 ||    44
  Dodge: Dodged            |    20 |    17 ||    37
  Block: Buckler           |    11 |     4 ||    15
